Map: Flooded City

Players

Phantom

  • Race: Terran Terran
  • Spawn Location: 6:00

Sanders

  • Race: Protoss Protoss
  • Spawn Location: 6:00

Subwaymaker - Winner!

  • Race: Protoss Protoss
  • League: Silver
  • Spawn Location: 12:00

Mesrob - Winner!

  • Race: Terran Terran
  • Spawn Location: 12:00

VOD

Have the link to the VOD?

Description

Time

  • Played on: Jan. 7, 2019, 2:47 p.m.
  • Length: 11:34
Show
View Real Time Build Order
Export as new Build Order

Phantom Terran 

Build Orders:  

Get SALT Encoding   

  12  0:02  SCV  
  13  0:14  SCV  
  14  0:26  SCV  
  15  0:42  Supply Depot  
  15  0:56  Supply Depot  
  15  1:04  SCV  
  16  1:06  Supply Depot  
  16  1:16  SCV  
  17  1:27  Supply Depot  
  17  1:28  SCV  
  18  1:32  Supply Depot  
  18  1:40  SCV  
  19  1:52  SCV  
  20  1:58  Barracks  
  20  2:00  Supply Depot  
  20  2:03  Supply Depot  
  20  2:04  SCV  
  21  2:14  Barracks  
  21  2:16  SCV  
  22  2:28  SCV  
  23  2:40  SCV  
  24  2:47  Barracks  
  24  2:53  Supply Depot  
  24  2:54  Refinery  
  24  3:00  Refinery  
  24  3:18  Marine  
  25  3:20  Marine  
  26  3:35  Marine  
  26  3:36  Marine  
  26  3:38  Marine  
  26  3:40  Supply Depot  
  29  3:53  Marine  
  29  3:54  Marine  
  31  3:56  Marine  
  32  4:06  Supply Depot  
  32  4:11  Marine  
  32  4:12  Marine, Supply Depot  
  32  4:14  Marine  
  35  4:29  Marine  
  35  4:30  Marine  
  37  4:31  Marine  
  38  4:41  Supply Depot  
  38  4:47  Marine  
  38  4:49  Marine  
  38  4:51  Barracks Reactor  
  40  4:58  Command Center  
  40  5:05  Marine  
  41  5:07  Marine  
  42  5:23  Marine  
  42  5:25  Marine  
  44  5:35  Supply Depot  
  44  5:38  Marine x2  
  46  5:51  SCV  
  46  5:56  Marine x2  
  49  6:02  Engineering Bay  
  49  6:03  SCV  
  50  6:14  Marine x2  
  50  6:15  SCV  
  53  6:25  SCV  
  54  6:27  SCV  
  54  6:32  Marine x2  
  57  6:37  SCV  
  57  6:39  SCV  
  59  6:45  Missile Turret  
  59  6:49  SCV  
  60  6:59  Orbital Command  
  60  7:01  SCV  
  61  7:13  SCV  
  61  7:14  Command Center  
  62  7:30  Orbital Command, Missile Turret  
  62  7:43  Marine x2  
  64  7:46  Barracks Tech Lab  
  64  7:47  Barracks Reactor  
  64  8:00  Marine  
  64  8:01  Marine  
  66  8:10  Refinery  
  66  8:12  Refinery  
  66  8:18  Marine x2  
  68  8:26  Missile Turret  
  68  8:36  Marine x2  
  70  8:54  Marine x2  
  70  8:55  Planetary Fortress  
  56  9:12  Marine x2  
  60  9:24  Marauder  
  60  9:25  Marine x2  
  62  9:43  Marine x2  
  62  9:45  Marauder  
  60  10:01  Marine x2  
  60  10:07  Marauder  
  63  10:19  Marine x2  
  62  10:28  Marauder  
  62  10:43  Marine x2  
  62  10:49  Marauder  
  68  11:01  Marine x2  
  43  11:10  Marine  
Show
View Real Time Build Order
Export as new Build Order

Sanders Protoss 

Build Orders:  

Get SALT Encoding   

  1  0:00  Probe  
  13  0:18  Probe  
  14  0:28  Pylon  
  14  0:32  Pylon  
  14  0:39  Probe  
  15  0:48  Gateway  
  15  0:51  Probe  
  16  1:12  Gateway  
  16  1:13  Probe  
  17  1:18  Assimilator  
  17  1:21  Probe  
  17  1:22  Assimilator  
  18  1:31  Pylon, Probe  
  19  1:49  Pylon  
  19  1:52  Pylon  
  19  1:59  Pylon  
  19  2:03  Pylon  
  19  2:07  Pylon  
  19  2:11  Pylon  
  19  2:27  Zealot  
  19  2:34  Zealot  
  23  2:49  Zealot  
  25  3:01  Zealot  
  27  3:08  Probe  
  28  3:16  Probe  
  28  3:26  Probe  
  29  3:33  Cybernetics Core  
  30  3:45  Zealot  
  30  3:47  Zealot  
  34  4:01  Nexus  
  34  4:13  Stalker  
  34  4:14  Stalker  
  38  4:18  Probe  
  39  4:26  Probe  
  40  5:03  Nexus  
  40  5:18  Forge  
  40  5:29  Probe  
  41  5:37  Probe  
  42  5:43  Zealot  
  42  5:44  Stalker  
  42  5:47  Probe  
  47  5:59  Probe  
  47  6:01  Warp Gate  
  47  6:03  Photon Cannon x2  
  48  6:08  Probe  
  48  6:11  Shield Battery  
  48  6:17  Probe  
  50  6:43  Stargate  
  50  6:44  Stargate  
  50  6:51  Robotics Facility  
  50  6:52  Robotics Facility  
  50  6:53  Probe  
  51  7:01  Probe  
  51  7:04  Zealot  
  51  7:06  Probe  
  54  7:09  Stalker  
  54  7:10  Probe  
  54  7:15  Probe  
  59  7:24  Probe  
  60  7:36  Probe  
  60  7:37  Photon Cannon x2  
  61  7:46  Photon Cannon  
  61  7:48  Photon Cannon  
  61  7:52  Photon Cannon  
  61  7:58  Zealot  
  63  7:59  Stalker  
  63  8:00  Probe  
  63  8:04  Probe  
  66  8:08  Probe  
  66  8:10  Probe  
  69  8:13  Probe  
  69  8:18  Probe x2  
  70  8:22  Probe  
  73  8:42  Assimilator  
  73  8:46  Assimilator  
  73  8:50  Void Ray  
  73  8:51  Void Ray  
  81  9:00  Immortal  
  81  9:02  Immortal  
  82  9:20  Stalker  
  82  9:21  Stalker  
  86  9:33  Void Ray, Photon Cannon  
  86  9:34  Void Ray, Photon Cannon  
  86  9:36  Photon Cannon  
  86  9:38  Photon Cannon  
  94  9:40  Pylon  
  94  9:49  Photon Cannon  
  94  9:54  Photon Cannon  
  94  9:55  Stalker  
  94  9:57  Stalker  
  98  10:11  Pylon  
  98  10:15  Pylon  
  98  10:19  Pylon  
  82  10:45  Phoenix  
  82  10:47  Phoenix  
  86  10:57  Fleet Beacon  
Show
View Real Time Build Order
Export as new Build Order

Subwaymaker Protoss - Winner!

Build Orders:  

Get SALT Encoding   

  12  0:04  Probe  
  12  0:12  Probe  
  14  0:25  Pylon  
  14  0:30  Assimilator  
  14  0:32  Probe  
  15  0:44  Probe  
  15  0:47  Gateway  
  16  0:56  Probe  
  17  1:08  Probe  
  18  1:16  Probe  
  18  1:18  Assimilator  
  18  1:25  Probe  
  20  1:35  Probe  
  20  1:39  Cybernetics Core  
  21  1:41  Pylon  
  21  1:45  Zealot  
  23  1:59  Probe  
  24  2:11  Probe  
  25  2:23  Probe, Stargate  
  25  2:24  Pylon  
  25  2:26  Pylon  
  26  2:34  Stalker  
  28  2:50  Protoss Air Weapons Level 1  
  28  2:56  Void Ray  
  28  3:02  Probe  
  33  3:14  Probe  
  33  3:19  Pylon  
  34  3:26  Probe  
  35  3:38  Probe  
  36  3:47  Stargate  
  36  4:06  Forge  
  36  4:13  Pylon, Void Ray  
  40  4:30  Pylon  
  40  4:33  Pylon  
  40  4:43  Void Ray  
  40  4:45  Pylon  
  44  4:48  Pylon  
  44  4:51  Assimilator  
  44  5:08  Nexus  
  44  5:12  Photon Cannon  
  44  5:16  Void Ray  
  48  5:25  Photon Cannon  
  48  5:28  Protoss Air Armor Level 1  
  48  5:29  Probe  
  49  5:37  Probe  
  50  5:43  Void Ray  
  50  5:47  Probe  
  55  5:59  Probe  
  56  6:11  Probe  
  57  6:18  Void Ray  
  61  6:26  Probe  
  61  6:27  Pylon  
  61  6:29  Probe  
  63  6:34  Probe  
  64  6:41  Probe  
  64  6:44  Probe  
  64  6:45  Assimilator  
  66  6:48  Pylon  
  66  6:51  Pylon  
  66  6:53  Probe  
  67  6:56  Probe  
  67  6:59  Void Ray  
  72  7:05  Probe  
  72  7:08  Probe  
  74  7:16  Fleet Beacon  
  74  7:18  Probe  
  74  7:20  Probe  
  76  7:30  Probe  
  76  7:32  Void Ray  
  81  7:54  Carrier  
  81  7:59  Stargate  
  87  8:11  Protoss Air Weapons Level 2  
  87  8:30  Probe  
  88  8:39  Void Ray  
  92  8:42  Probe  
  93  8:55  Probe  
  94  9:13  Carrier  
  100  9:25  Carrier  
  106  9:35  Void Ray  
  110  10:42  Void Ray  
  120  10:45  Void Ray  
Show
View Real Time Build Order
Export as new Build Order

Mesrob Terran - Winner!

Build Orders:  

Get SALT Encoding   

  12  0:01  SCV  
  13  0:13  SCV  
  14  0:19  Supply Depot  
  14  0:34  Refinery  
  14  0:43  Barracks  
  14  0:45  SCV  
  15  0:57  SCV  
  16  1:09  SCV  
  17  1:21  SCV  
  18  1:34  Orbital Command  
  18  1:40  Factory  
  18  1:51  Refinery  
  19  1:55  Barracks Tech Lab  
  18  2:03  Supply Depot  
  18  2:12  SCV  
  19  2:24  SCV  
  20  2:32  Barracks Reactor  
  20  2:36  Supply Depot  
  20  2:39  Siege Tank  
  23  2:56  Barracks  
  23  3:06  Engineering Bay  
  23  3:08  Marine x2  
  23  3:12  Siege Tank  
  28  3:23  SCV  
  28  3:25  Marine  
  28  3:26  Marine  
  31  3:43  Marine  
  31  3:44  Marine, Siege Tank  
  36  3:51  Starport, Barracks Tech Lab  
  36  4:04  Marine  
  36  4:05  Marine  
  38  4:11  Terran Infantry Weapons Level 1  
  38  4:17  SCV  
  39  4:29  Command Center  
  39  4:40  Supply Depot  
  39  4:59  Starport Reactor  
  39  5:01  SCV  
  39  5:03  Supply Depot  
  40  5:28  Siege Tank  
  42  5:29  Marauder  
  42  5:30  Marine  
  42  5:31  Marine  
  46  5:38  SCV  
  47  5:48  Refinery  
  47  5:50  Supply Depot  
  47  5:51  Marauder  
  49  6:05  Terran Infantry Armor Level 1  
  49  6:06  Orbital Command  
  49  6:08  SCV  
  50  6:12  Marauder  
  50  6:14  Refinery  
  52  6:20  SCV  
  52  6:21  Viking x2  
  52  6:23  Marine  
  58  6:34  Supply Depot, SCV  
  58  6:38  SCV  
  60  6:46  SCV  
  61  6:47  Stimpack  
  61  6:48  Liberator  
  61  6:50  SCV  
  62  7:00  Armory  
  62  7:02  SCV x2  
  62  7:03  Supply Depot  
  62  7:06  Liberator  
  62  7:07  Marauder  
  69  7:14  SCV  
  70  7:16  Siege Tank  
  73  7:24  Marine x2  
  73  7:27  Marine  
  79  7:42  Marine x2  
  81  7:46  Marine  
  81  7:48  Siege Tank, SCV  
  81  7:50  SCV  
  87  8:00  Marine x2  
  87  8:02  Terran Infantry Weapons Level 2, SCV  
  87  8:03  Marine  
  91  8:14  Terran Vehicle Weapons Level 1  
  91  8:17  Marine  
  91  8:18  Marine  
  93  8:20  SCV  
  94  9:14  Marine x2  
  94  9:15  SCV  
Tags
 
Add a new tag
Caveats
  • Supply blocks, unpowered buildings, or Contaminate may cause inaccurate times.
  • Supply counts are checked every 10 seconds.